 Dungeon Crawl Stone Soup version 0.29-a0-1027-gcd8c55af63 (webtiles) character file.

Game seed: 11254272631499481356

92 Locuples the Sneak (level 4, -5/33 HPs)
             Began as a Demonspawn Brigand on Aug 12, 2022.
             Killed from afar by Natasha (10 damage)
             ... with a magic dart
             ... on level 2 of the Dungeon.
             The game lasted 00:03:25 (1531 turns).

Locuples the Sneak (Demonspawn Brigand)             Turns: 1531, Time: 00:03:26

Health: -5/33      AC:  3    Str: 11    XL:     4   Next: 35%
Magic:  4/4        EV: 11    Int: 12    God:
Gold:   29         SH:  0    Dex: 17    Spells: 3/3 levels left

rFire   . . .      SeeInvis .   a - +2 dagger
rCold   + . .      Faith    .   (no shield)
rNeg    . . .      Spirit   .   q - +0 robe {rC+}
rPois   +          Reflect  .   (helmet restricted)
rElec   .          Harm     .   c - +0 cloak
rCorr   .          Rampage  .   (no gloves)
Will    .....                   (no boots)
Stlth   +++.......              (no amulet)
HPRegen 0.11/turn               r - ring of poison resistance
MPRegen 0.09/turn               (no ring)

@: flying, slowed, very slow
A: antennae 1, demonic guardian 1
a: no special abilities


You were on level 2 of the Dungeon.
You visited 1 branch of the dungeon, and saw 2 of its levels.

You collected 29 gold pieces.

Inventory:

Hand Weapons
 a - a +2 dagger (weapon)
Missiles
 d - 9 poisoned darts (quivered)
 e - 3 curare-tipped darts
Armour
 c - a +0 cloak (worn)
 q - a +0 robe of cold resistance (worn)
Jewellery
 r - a ring of poison resistance (left hand)
Scrolls
 b - a scroll of noise {unknown}
 f - a scroll of immolation {unknown}
 j - a scroll of torment {unknown}
 l - 2 scrolls of identify {unknown}
 n - a scroll of vulnerability {unknown}
 s - a scroll of fear {unknown}
Potions
 g - a potion of curing
 i - 2 potions of might {unknown}
 k - a potion of haste {unknown}
 m - a potion of cancellation {unknown}
 o - a potion of heal wounds {unknown}
 p - a potion of lignification {unknown}


   Skills:
 - Level 2.0 Fighting
 + Level 2.4 Short Blades
 - Level 1.7 Throwing
 - Level 0.8 Dodging
 * Level 5.2 Stealth


You had 3 spell levels left.
You didn't know any spells.
Your spell library contained the following spells:

 Spells                   Type           Power      Damage    Failure   Level
 Shock                    Conj/Air       0%         1d3       32%         1
 Poisonous Vapours        Pois/Air       0%         N/A       45%         2
 Swiftness                Air            0%         N/A       69%         3
 Airstrike                Air            0%         2d(0-16)  97%         4
 Corpse Rot               Necr/Pois/Air  0%         N/A       97%         4
 Petrify                  Tmut/Erth      0%         N/A       97%         4
 Metabolic Englaciation   Hex/Ice        0%         N/A       100%        5
 Statue Form              Tmut/Erth      0%         N/A       100%        6


Dungeon Overview and Level Annotations

Branches:
Dungeon (2/15)

Altars:

Annotations:
D:2 Natasha, Sigmund


Innate Abilities, Weirdness & Mutations

You have a pair of small antennae on your head.
A weak demonic guardian rushes to your aid.


Message History

You hit Natasha.
Natasha is moderately wounded.
Natasha hisses.
Natasha casts a spell at you. The magic dart hits you! Natasha claws you.
You closely miss Natasha.
Natasha is moderately wounded.
Natasha claws you.
Sorry, you're not good enough to have a special ability.
It was a potion of curing.
You feel better. Natasha claws you.
You barely miss Natasha.
Natasha is moderately wounded.
Natasha claws you.
A demonic guardian appears!
Natasha claws you but does no damage.
It was a potion of flight.
You feel very buoyant.
You fly up into the air.
Natasha claws you but does no damage.
You barely miss Natasha.
Natasha is moderately wounded.
Natasha claws you.
Your quasit barely misses Natasha.
Your quasit claws Natasha but does no damage.
Your quasit misses Natasha. You hit Natasha but do no damage.
Natasha is moderately wounded.
Your quasit barely misses Natasha.
Your quasit misses Natasha.
Your quasit claws Natasha but does no damage.
Natasha stares at you and mumbles some strange words.
The magic dart hits you!
* * * LOW HITPOINT WARNING * * *
Natasha casts a spell at you. You resist with some effort.
Your quasit bites Natasha but does no damage.
Your quasit claws Natasha.
Your quasit closely misses Natasha.
Your quasit bites Natasha.
Your quasit claws Natasha but does no damage.
Your quasit claws Natasha.
Natasha extends her claws.
Natasha stares at you and mumbles some strange words.
The magic dart hits you!
You die...

...###'#......##P###.###..# #
#.........#####b##.......# #
............#########.####.# #
##..................#......# #
.............##.........#### #
#............####.......+.# #
.....g......##....†.....#.######
.@..........rh5.#...............
.......>...##.@...........#....
......................##.#....
@.#......#.......>....##.#..#.
..###############.....##.#....
#.P.. #.....##.##.#. ..PP.
#.....##.##.##
..PP..P..#......#.##...
###...#######.# #.#.#####
#.#..P#....... #.#.# #


You could see Natasha (ally target), a rat and a friendly quasit (summoned).

Vanquished Creatures
  Jessica (D:2)
  Natasha (D:2)
  2 dart slugs
  4 ball pythons
  An endoplasm (D:2)
  4 giant cockroaches (D:1)
  2 goblins (D:1)
  9 hobgoblins
  A quokka (D:1)
  5 bats (D:1)
  2 frilled lizards (D:1)
  A rat (D:1)
33 creatures vanquished.

Notes
Turn   | Place    | Note
-------+----------+-------------------------------------------
     0 | D:1      | Locuples the Demonspawn Brigand began the quest for the
                  | Orb.
     0 | D:1      | Reached XP level 1. HP: 16/16 MP: 1/1
   311 | D:1      | Reached skill level 4 in Stealth
   468 | D:1      | Gained mutation: You have a pair of small antennae on your
                  | head. [demonic ancestry]
   468 | D:1      | Reached XP level 2. HP: 16/22 MP: 2/2
  1017 | D:1      | Found a faded altar of an unknown god.
  1055 | D:1      | Reached XP level 3. HP: 21/27 MP: 3/3
  1190 | D:1      | You fall into a shaft and drop 1 floor!
  1231 | D:2      | Noticed Jessica
  1245 | D:2      | Killed Jessica
  1246 | D:2      | Reached skill level 5 in Stealth
  1417 | D:2      | Noticed Natasha
  1419 | D:2      | Killed Natasha
  1420 | D:2      | Gained mutation: A weak demonic guardian rushes to your
                  | aid. [demonic ancestry]
  1420 | D:2      | Reached XP level 4. HP: 33/33 MP: 4/4
  1512 | D:2      | Noticed Sigmund
  1516 | D:2      | Noticed Natasha
  1531 | D:2      | Killed from afar by Natasha

Illustrated notes

Levels and vault maps discovered:
D:1:      dpeg_arrival_central, layout_basic, hellmonk_ecumenical_altar_run_dry
D:2:      layout_basic, serial_aquarium, aquarium_bridge_square
          [aquarium_subvault_bridge, aquarium_subvault_bridge,
          aquarium_subvault_window, aquarium_subvault_window],
          aquarium_window_fake, aquarium_window_fake, aquarium_window_1,
          aquarium_view_2b, minmay_misc_feat_more_columns, uniq_sigmund,
          uniq_natasha, uniq_jessica

Skill      XL: |  1  2  3 |
---------------+----------+-----
Stealth        | 4 5 |  5.2
Short Blades   | 2 |  2.4
Fighting       | |  2.0
Throwing       | |  1.7
Dodging        | |  0.8

Action                   |  1- 3 |  4- 6 || total
-------------------------+-------+-------++-------
Melee: Dagger            |   107 |    10 ||   117
       Punch             |     1 |       ||     1
  Use: Potion            |       |     2 ||     2
 Stab: Sleeping          |     5 |     2 ||     7
Armor: Robe              |    43 |     3 ||    46
Dodge: Dodged            |    80 |     4 ||    84

Table legend: (Time is in decaauts)
 A = Elapsed time spent in this place.
 B = Non-inter-level travel time spent in this place.
 C = Inter-level travel time spent in this place.
 D = Time resting spent in this place.
 E = Time spent auto-exploring this place.
 F = Levels seen in this place.
 G = Mean time per level.
                   A        B        C        D        E       F      G
               +--------+--------+--------+--------+--------+-----+--------+
         Total |   1525 |   1525 |      0 |    226 |    943 |   2 |  762.5 |
       Dungeon |   1525 |   1525 |      0 |    226 |    943 |   2 |  762.5 |
               +--------+--------+--------+--------+--------+-----+--------+

Top non-repeatable levels by time:
     D:1: 1181 daAuts
     D:2: 344 daAuts
